 Dungeon Crawl Stone Soup version 0.20.0-15-g7f486f2 (webtiles) character file.

44697 Inchmeat the Brawler (level 13, -17/92 HPs)
             Began as a Demonspawn Fighter on June 16, 2017.
             Was the Champion of Kikubaaqudgha.
             Killed from afar by a deep elf knight (32 damage)
             ... with a shard of ice
             ... on level 1 of the Elven Halls.
             The game lasted 01:09:35 (16937 turns).

Inchmeat the Brawler (Demonspawn Fighter)          Turns: 16937, Time: 01:09:36

Health: -17/92     AC: 13    Str: 27    XL:     13   Next: 97%
Magic:  0/13       EV: 12    Int: 15    God:    Kikubaaqudgha [******]
Gold:   1178       SH:  4    Dex: 12    Spells: 2/12 levels left

rFire    + + .     SeeInvis .     - Unarmed
rCold    + . .     Gourm    .   j - +0 buckler of Yfeuhaf {+Fly}
rNeg     . . .     Faith    .   b - +0 ring mail "Esmijig" {rC+ Str+6 Int+4}
rPois    .         Spirit   +   (no helmet)
rElec    .         Reflect  .   r - +1 cloak
rCorr    .         Harm     .   (no gloves)
MR       .....                  u - +2 pair of boots
Stlth    +.........             D - amulet of guardian spirit
Regen    0.3/turn               L - ring of wizardry (curse)
MPRegen  0.2/turn               N - ring of protection from fire

@: very slightly contaminated
A: claws 2, slimy green scales 2, demonic guardian 2, fire resistance 1,
screaming 1, spiny 2
a: Receive Corpses, Torment, Renounce Religion, Evoke Flight


You were on level 1 of the Elven Halls.
You worshipped Kikubaaqudgha.
Kikubaaqudgha was exalted by your worship.
You were hungry.

You visited 4 branches of the dungeon, and saw 16 of its levels.

You collected 1448 gold pieces.
You spent 270 gold pieces at shops.

Inventory:

Hand Weapons
 k - the +8 whip of Osul Ydu {slash, +Fly rC++ MR-}
   (You found it on level 7 of the Dungeon)

   It inflicts extra damage upon your enemies.
   It greatly protects you from cold.
   It affects your resistance to hostile enchantments.
   It lets you fly.
Missiles
 H - 36 tomahawks (quivered)
Armour
 b - the +0 ring mail "Esmijig" (worn) {rC+ Str+6 Int+4}
   (You bought it in a shop on level 1 of the Elven Halls)

   It affects your strength (+6).
   It affects your intelligence (+4).
   It protects you from cold.
 j - the +0 buckler of Yfeuhaf (worn) {+Fly}
   (You acquired it on level 10 of the Dungeon)

   It lets you fly.
 r - a +1 cloak (worn)
 u - a +2 pair of boots (worn)
 z - the +7 plate armour of Hoxil {Regen+}
   (You found it on level 7 of the Dungeon)

   It increases your rate of regeneration.
Jewellery
 a - an uncursed ring of flight
 c - an uncursed ring of resist corrosion
 D - an amulet of guardian spirit (around neck)
 F - an uncursed amulet of harm {unknown}
 G - an uncursed ring of fire {unknown}
 L - a cursed ring of wizardry (left claw)
 N - a ring of protection from fire (right claw)
 Q - an uncursed amulet of harm {unknown}
 U - an uncursed ring of poison resistance {unknown}
Wands
 o - a wand of disintegration (0/24)
 y - a wand of acid (7/15)
 J - a wand of flame (23/48)
 V - a wand of lightning (5/15)
Scrolls
 d - 2 scrolls of enchant armour
 i - 10 scrolls of remove curse
 s - 2 scrolls of fog
 B - 3 scrolls of recharging
 C - 9 scrolls of identify
Potions
 l - 2 potions of magic
 n - a potion of berserk rage
 p - 3 potions of flight
 v - a potion of haste
 A - 2 potions of curing
 E - a potion of brilliance
 I - a potion of cancellation
 P - 2 potions of might
 S - a potion of resistance {unknown}
Books
 h - Kikubaaqudgha's Reference Book on Black Arts
   (Kikubaaqudgha gifted it to you on level 10 of the Dungeon)

   Spells                             Type                      Level
   a - Animate Dead                   Necromancy                   4
   b - Excruciating Wounds            Charms/Necromancy            5
   c - Bolt of Draining               Conjuration/Necromancy       5
   d - Dispel Undead                  Necromancy                   5
   e - Death Channel                  Necromancy                   6
 K - Kikubaaqudgha's Papyrus of Unholy Rituals
   (Kikubaaqudgha gifted it to you on level 8 of the Dungeon)

   Spells                             Type                      Level
   a - Animate Skeleton               Necromancy                   1
   b - Corpse Rot                     Necromancy                   2
   c - Sublimation of Blood           Necromancy                   2
   d - Regeneration                   Charms/Necromancy            3
   e - Control Undead                 Necromancy                   4
 R - a book of Minor Magic

   Spells                             Type                      Level
   a - Magic Dart                     Conjuration                  1
   b - Blink                          Translocation                2
   c - Call Imp                       Summoning                    2
   d - Slow                           Hexes                        2
   e - Conjure Flame                  Conjuration/Fire             3
   f - Mephitic Cloud                 Conjuration/Poison/Air       3
 W - a Necronomicon

   Spells                             Type                      Level
   a - Haunt                          Necromancy/Summoning         7
   b - Borgnjor's Revivification      Necromancy                   8
   c - Death's Door                   Charms/Necromancy            8
   d - Infestation                    Necromancy                   8
   e - Necromutation                  Transmutation/Necromancy     8
Miscellaneous
 O - a crystal ball of energy
Comestibles
 f - 6 bread rations
 g - 3 fruits
 m - 10 royal jellies
 t - 8 meat rations


   Skills:
 - Level 5.5 Fighting
 - Level 1.7 Maces & Flails
 - Level 2.6 Armour
 - Level 2.9 Dodging
 - Level 3.7 Shields
 - Level 19.1 Unarmed Combat
 * Level 7.3 Necromancy
 - Level 1.0 Evocations


You had 2 spell levels left.
You knew the following spells:

 Your Spells              Type           Power        Failure   Level  Hunger
a - Regeneration          Chrm/Necr      ##........   11%         3    ####...
b - Animate Skeleton      Necr           N/A          1%          1    ##.....
c - Corpse Rot            Necr           N/A          1%          2    ###....
d - Animate Dead          Necr           N/A          8%          4    #####..


Dungeon Overview and Level Annotations

Branches:
Dungeon (12/15)            Temple (1/1) D:6            Lair (0/6) D:8
    Orc (2/2) D:11            Elf (1/3) Orc:2

Altars:
Ashenzari
Cheibriados
Dithmenos
Elyvilon
Fedhas
Gozag
Hepliaklqana
Kikubaaqudgha
Makhleb
Nemelex Xobeh
Okawaru
Qazlal
Ru
Sif Muna
Trog
Uskayaw
Vehumet
Xom
Yredelemnul
Zin
The Shining One

Shops:
Orc:1 !   Orc:2 %=%*   Elf:1 [


Innate Abilities, Weirdness & Mutations

You have very sharp fingernails.
You are mostly covered in slimy green scales. (AC +3)
A demonic guardian rushes to your aid.
You are mostly covered in sharp spines.
Your flesh is heat resistant. (rF+)
You occasionally shout uncontrollably at your foes.


Message History

The deep elf knight gestures at you while chanting.
The shard of ice hits your smoke demon.
Something hits your deep elf knight zombie.
Something shocks your deep elf knight zombie!
Your deep elf knight zombie is destroyed!
The orc high priest shouts!
Send 'em back where they came from!
Your orange demon disappears in a puff of smoke!
The deep elf knight casts a spell.
The deep elf knight seems to speed up.
The orc high priest mumbles some strange prayers to Beogh.
Your smoke demon disappears in a puff of smoke!
A deep elf knight opens the door.
The deep elf knight points at you and mumbles some strange words.
The shard of ice hits you! You partially resist.
* * * LOW HITPOINT WARNING * * *
The deep elf knight gestures at you while chanting.
The shard of ice hits you! You partially resist.
You die...
Kikubaaqudgha rasps: "You have failed me!
Welcome... death!"

e#########e#...........)......#.#
..........e#..)......##.#####.#..
#####e#####4............##.......
#.......##+##.......##.......
#######3#...#.......##.##...#
#.e...+...............#
#.#...#................
#o##'##.......#.#......
#..4..@.....#.)###.....
######.....##.#.#.....#
##...###.##.#.....
####............. #.##'##.##....
#.#...#..#.... #..'...'#'#....
#..#....'∩'.... ..##'###'#....


You could see an orc high priest, 2 orange demons, a deep elf archer, a deep elf
knight and a sixfirhy.

Vanquished Creatures
  3 orc warlords
  Nessos (Orc:2)
  Josephine (D:10)
  3 ogre magi
  2 dancing weapons (Elf:1)
  10 two-headed ogres
  A deep elf knight (Elf:1)
  2 orc knights (Orc:1)
  An orc sorcerer (Orc:2)
  11 deep elf magi
  An ugly thing (D:11)
  A manticore (D:12)
  2 centaur zombies
  Psyche (D:8)
  2 gargoyles
  A troll (Orc:1)
  A merfolk (D:12)
  Prince Ribbit (D:9)
  2 hippogriffs (D:7)
  An air elemental (Elf:1)
  29 yaks
  A human (D:11)
  5 wraiths (D:9)
  2 vampire mosquitoes (D:12)
  A hungry ghost (D:10)
  An acid dragon (D:11)
  3 wargs
  A water moccasin (D:10)
  Purgy (D:3)
  23 orc warriors
  An ice beast (D:12)
  A sky beast (D:11)
  3 necrophages
  2 phantoms
  3 black bears
  14 ogres
  10 centaurs
  3 big kobolds
  7 bullfrogs
  A scorpion (D:7)
  16 killer bees
  15 wights
  A howler monkey (D:5)
  An electric eel (Orc:2)
  2 crimson imps
  A quasit (D:8)
  4 bullfrog zombies
  6 hounds
  19 orc priests
  2 jellies
  2 gnoll shamans
  A centaur skeleton (D:5)
  6 iguanas
  11 worker ants
  27 orc wizards
  A statue (D:6)
  A hound zombie (D:10)
  Robin (D:2)
  2 howler monkey zombies
  10 adders
  9 gnolls
  4 shadow imps
  3 oozes
  2 adder skeletons (D:4)
  2 adder zombies
  9 worms
  2 dart slugs (D:1)
  8 leopard geckos
  105 orcs
  2 ball pythons (D:1)
  5 bats
  7 giant cockroaches
  20 goblins
  7 hobgoblins
  2 jackals (D:8)
  7 quokkas
  4 frilled lizards
  19 kobolds
  A quokka zombie (D:8)
  4 rats
511 creatures vanquished.

Vanquished Creatures (collateral kills)
  Rupert (Orc:2)
  An ogre mage (Orc:2)
  A centaur warrior (D:11)
  4 two-headed ogres
  Urug (D:10)
  An unseen horror (D:12)
  An ugly thing (D:9)
  An orc sorcerer (Orc:1)
  A troll (Orc:2)
  Grinder (D:3)
  Sigmund (D:4)
  A yak (D:12)
  The ghost of Margim the Slasher, an amateur DsMo (D:4)
  6 orc warriors
  A black bear (D:7)
  A sky beast (D:4)
  8 ogres (Orc:2)
  A phantom (D:7)
  A centaur (D:12)
  A howler monkey (D:4)
  2 hounds (D:4)
  An orc priest (Orc:2)
  A worker ant (D:5)
  A gnoll (D:7)
  A leopard gecko (D:4)
  12 orcs
  A giant cockroach (D:4)
  A kobold (D:10)
55 creatures vanquished.

Vanquished Creatures (others)
  A withered plant (D:4)
1 creature vanquished.

Grand Total: 567 creatures vanquished

Notes
Turn   | Place    | Note
-------+----------+-------------------------------------------
     0 | D:1      | Inchmeat the Demonspawn Fighter began the quest for the Orb.
     0 | D:1      | Reached XP level 1. HP: 18/18 MP: 1/1
     2 | D:1      | You fall through a shaft!
    30 | D:2      | Gained mutation: You are partially covered in slimy green scales. (AC +2) [demonic ancestry]
    30 | D:2      | Reached XP level 2. HP: 24/24 MP: 2/2
    48 | D:2      | Found a shimmering altar of Xom.
    49 | D:2      | Found a shimmering altar of Xom.
    65 | D:2      | Found a sacrificial altar of Ru.
    65 | D:2      | Noticed Robin
   126 | D:2      | Killed Robin
   126 | D:2      | Reached XP level 3. HP: 5/29 MP: 3/3
   549 | D:2      | Found a shimmering altar of Xom.
   550 | D:2      | Found a shimmering altar of Xom.
   839 | D:3      | Found a bloodstained altar of Trog.
  1025 | D:1      | Gained mutation: You have sharp fingernails. [demonic ancestry]
  1025 | D:1      | Reached XP level 4. HP: 28/37 MP: 4/4
  1264 | D:1      | Reached skill level 1 in Unarmed Combat
  1798 | D:3      | Noticed Purgy
  1815 | D:3      | Killed Purgy
  1815 | D:3      | Reached skill level 3 in Unarmed Combat
  1815 | D:3      | Gained mutation: A weak demonic guardian rushes to your aid. [demonic ancestry]
  1815 | D:3      | Reached XP level 5. HP: 33/42 MP: 5/5
  2138 | D:3      | Noticed Grinder
  2151 | D:4      | Reached skill level 1 in Evocations
  2172 | D:4      | Noticed an ogre
  2180 | D:4      | Killed an ogre
  2180 | D:4      | Reached skill level 4 in Unarmed Combat
  2180 | D:4      | Reached XP level 6. HP: 29/48 MP: 6/6
  2504 | D:4      | Noticed Margim's ghost (amateur DsMo)
  2531 | D:4      | Found an ancient bone altar of Kikubaaqudgha.
  2554 | D:4      | Killed Margim's ghost
  2554 | D:4      | Reached skill level 5 in Unarmed Combat
  2668 | D:4      | Reached XP level 7. HP: 49/53 MP: 7/7
  2746 | D:4      | Noticed Sigmund
  2762 | D:4      | Killed Sigmund
  2762 | D:4      | Reached skill level 6 in Unarmed Combat
  2948 | D:5      | Entered Level 5 of the Dungeon
  3541 | D:5      | Noticed a moth of wrath
  3543 | D:5      | Found a bloodstained altar of Trog.
  3784 | D:5      | Reached skill level 7 in Unarmed Combat
  4240 | D:3      | Killed Grinder
  4240 | D:3      | Reached XP level 8. HP: 43/60 MP: 8/8
  4331 | D:3      | Found a glowing golden altar of the Shining One.
  4958 | D:6      | Reached skill level 8 in Unarmed Combat
  5230 | D:6      | Found a staircase to the Ecumenical Temple.
  5261 | D:6      | Found a radiant altar of Vehumet.
  5466 | D:6      | Reached skill level 9 in Unarmed Combat
  5552 | Temple   | Entered the Ecumenical Temple
  5901 | D:7      | Noticed a hippogriff
  5964 | D:7      | Killed a hippogriff
  5971 | D:7      | Reached skill level 10 in Unarmed Combat
  5971 | D:7      | Gained mutation: You are partially covered in sharp spines. [demonic ancestry]
  5971 | D:7      | Reached XP level 9. HP: 24/65 MP: 4/9
  6438 | D:4      | Became a worshipper of Kikubaaqudgha
  6626 | D:7      | Got a slimy whip
  6627 | D:7      | Identified the +8 whip of Osul Ydu {slash, +Fly rC++ MR-} (You found it on level 7 of the Dungeon)
  6646 | D:7      | Found a sparkling altar of Nemelex Xobeh.
  6943 | D:7      | Noticed a gargoyle
  7227 | D:6      | Found a stormy altar of Qazlal.
  7386 | D:6      | You fall through a shaft!
  7400 | D:7      | Got a steaming plate armour
  7411 | D:7      | Identified the +7 plate armour of Hoxil {Regen+} (You found it on level 7 of the Dungeon)
  7470 | D:7      | Reached skill level 11 in Unarmed Combat
  7520 | D:7      | Got a slimy plate armour
  7531 | D:7      | Identified the +4 plate armour of the Black Moon {Regen+} (You found it on level 7 of the Dungeon)
  7678 | D:8      | Found a staircase to the Lair.
  7711 | D:8      | Noticed Psyche
  7726 | D:8      | Found a shimmering altar of Xom.
  8051 | D:8      | Noticed a two-headed ogre
  8062 | D:8      | Killed a two-headed ogre
  8062 | D:8      | Reached skill level 12 in Unarmed Combat
  8134 | D:8      | Reached * piety under Kikubaaqudgha
  8134 | D:8      | Identified Kikubaaqudgha's Papyrus of Unholy Rituals (Kikubaaqudgha gifted it to you on level 8 of the Dungeon)
  8134 | D:8      | Received a gift from Kikubaaqudgha
  8170 | D:8      | Gained mutation: You have very sharp fingernails. [demonic ancestry]
  8170 | D:8      | Reached XP level 10. HP: 60/71 MP: 7/10
  8180 | D:8      | Killed Psyche
  8429 | D:8      | Gained mutation: You occasionally shout uncontrollably at your foes. [potion of mutation]
  8429 | D:8      | Gained mutation: Your flesh is heat resistant. (rF+) [potion of mutation]
  8663 | D:9      | Noticed a cacodemon
  8664 | D:9      | Found a burning altar of Makhleb.
  8667 | D:9      | Found a glowing silver altar of Zin.
  8667 | D:9      | Noticed an angel
  8697 | D:9      | Found a white marble altar of Elyvilon.
  8982 | D:9      | Found a hide-covered altar of Uskayaw.
  9000 | D:9      | Reached skill level 13 in Unarmed Combat
  9041 | D:9      | Noticed a red ugly thing
  9073 | D:9      | Learned a level 3 spell: Regeneration
  9075 | D:9      | Learned a level 1 spell: Animate Skeleton
  9078 | D:9      | Learned a level 2 spell: Corpse Rot
  9080 | D:9      | Reached ** piety under Kikubaaqudgha
  9106 | D:9      | Killed a red ugly thing
  9272 | D:9      | Noticed Prince Ribbit
  9286 | D:9      | Killed Prince Ribbit
  9351 | D:9      | Reached skill level 14 in Unarmed Combat
 10100 | D:7      | Identified a scroll of acquirement
 10445 | D:8      | Killed a gargoyle
 10735 | D:10     | Entered Level 10 of the Dungeon
 10740 | D:10     | Noticed Josephine
 10750 | D:9      | Gained mutation: You are mostly covered in sharp spines. [demonic ancestry]
 10750 | D:9      | Reached XP level 11. HP: 65/75 MP: 8/11
 11074 | D:10     | Killed Josephine
 11080 | D:10     | Reached *** piety under Kikubaaqudgha
 11080 | D:10     | Identified Kikubaaqudgha's Reference Book on Black Arts (Kikubaaqudgha gifted it to you on level 10 of the Dungeon)
 11080 | D:10     | Received a gift from Kikubaaqudgha
 11196 | D:9      | Learned a level 4 spell: Animate Dead
 11491 | D:10     | Got a shimmering buckler
 11497 | D:10     | Identified the +0 buckler of Yfeuhaf {+Fly} (You acquired it on level 10 of the Dungeon)
 11525 | D:10     | Noticed Urug
 11539 | D:10     | Reached skill level 15 in Unarmed Combat
 11552 | D:10     | Killed Urug
 11620 | D:10     | Noticed a two-headed ogre
 11626 | D:10     | Killed a two-headed ogre
 12360 | D:11     | Noticed a two-headed ogre
 12364 | D:11     | Killed a two-headed ogre
 12421 | D:11     | Found a staircase to the Orcish Mines.
 12436 | D:11     | Noticed a white ugly thing
 12444 | D:11     | Killed a white ugly thing
 12647 | D:11     | Reached **** piety under Kikubaaqudgha
 12804 | D:12     | Reached skill level 16 in Unarmed Combat
 12867 | D:12     | Noticed a deep elf mage
 12967 | D:11     | Gained mutation: A demonic guardian rushes to your aid. [demonic ancestry]
 12967 | D:11     | Reached XP level 12. HP: 74/82 MP: 10/12
 13249 | D:12     | Reached ***** piety under Kikubaaqudgha
 13405 | D:12     | Noticed a two-headed ogre
 13411 | D:12     | Killed a two-headed ogre
 13411 | D:12     | Reached skill level 17 in Unarmed Combat
 13831 | D:11     | Noticed a centaur warrior
 13836 | D:11     | Killed a centaur warrior
 13862 | Orc:1    | Entered Level 1 of the Orcish Mines
 13864 | Orc:1    | Noticed an orc warlord
 13889 | Orc:1    | Killed an orc warlord
 14029 | Orc:1    | Found Ypnuwib's Distillery.
 14089 | Orc:2    | Entered Level 2 of the Orcish Mines
 14089 | Orc:2    | Found a staircase to the Elven Halls.
 14091 | Orc:2    | Noticed an orc warlord
 14094 | Orc:2    | Noticed Nessos
 14095 | Orc:2    | Reached skill level 1 in Dodging
 14097 | Orc:2    | Noticed a two-headed ogre
 14154 | Orc:2    | Noticed an orc warlord
 14549 | Orc:1    | Reached skill level 18 in Unarmed Combat
 14934 | Orc:2    | Killed an orc warlord
 15064 | Orc:2    | Noticed an ogre mage
 15064 | Orc:2    | Noticed a two-headed ogre
 15067 | Orc:2    | Noticed a two-headed ogre
 15068 | Orc:2    | Noticed a two-headed ogre
 15069 | Orc:2    | Noticed an ogre mage
 15069 | Orc:2    | Noticed an ogre mage
 15069 | Orc:2    | Noticed a two-headed ogre
 15069 | Orc:2    | Noticed a two-headed ogre
 15069 | Orc:2    | Noticed an ogre mage
 15071 | Orc:2    | Noticed a two-headed ogre
 15071 | Orc:2    | Noticed a two-headed ogre
 15071 | Orc:2    | Noticed a two-headed ogre
 15086 | Orc:1    | Killed a two-headed ogre
 15086 | Orc:1    | Gained mutation: You are mostly covered in slimy green scales. (AC +3) [demonic ancestry]
 15086 | Orc:1    | Reached XP level 13. HP: 58/89 MP: 9/13
 15095 | Orc:1    | Reached ****** piety under Kikubaaqudgha
 15162 | Orc:1    | Received a gift from Kikubaaqudgha
 15286 | Orc:1    | Killed an orc warlord
 15340 | Orc:2    | Noticed Rupert
 15348 | Orc:2    | Killed Rupert
 15348 | Orc:2    | Reached skill level 5 in Fighting
 15762 | Orc:2    | Killed Nessos
 15865 | Orc:2    | Paralysed by an orc sorcerer for 6 turns
 15877 | Orc:2    | Reached skill level 19 in Unarmed Combat
 16033 | Orc:2    | Reached skill level 1 in Necromancy
 16040 | Orc:2    | Found Lybo's Assorted Antiques.
 16041 | Orc:2    | Found Huaxt's Food Emporium.
 16043 | Orc:2    | Found Ademp's Food Boutique.
 16043 | Orc:2    | Found Sylu's Jewellery Emporium.
 16362 | Elf:1    | Entered Level 1 of the Elven Halls
 16405 | Elf:1    | Reached skill level 5 in Necromancy
 16668 | Elf:1    | Found Uxorir's Antique Armour Boutique.
 16829 | Elf:1    | Bought an ancient ring mail for 270 gold pieces
 16839 | Elf:1    | Identified the +0 ring mail "Esmijig" {rC+ Str+6 Int+4} (You bought it in a shop on level 1 of the Elven Halls)
 16937 | Elf:1    | Killed from afar by a deep elf knight

Skill      XL: |  1  2  3  4  5  6  7  8  9 10 11 12 13 |
---------------+----------------------------------------+-----
Shields        | 3 |  3.7
Unarmed Combat | 3 4 5 7 10 12 14 16 18 19 | 19.1
Evocations     | 1 |  1.0
Fighting       | 4 5 |  5.5
Dodging        | 1 2 |  2.9
Necromancy     | 7 |  7.3
Maces & Flails | |  1.7
Armour         | |  2.6

Action                   |  1- 3 |  4- 6 |  7- 9 | 10-12 | 13-15 || total
-------------------------+-------+-------+-------+-------+-------++-------
Melee: Flail             |   132 |   124 |       |       |       ||   256
       Punch             |       |     1 |    15 |    12 |       ||    28
       Unarmed           |       |    45 |   405 |   644 |   209 ||  1303
Throw: Tomahawk          |       |       |       |       |     1 ||     1
 Cast: Animate Dead      |       |       |       |       |     2 ||     2
       Regeneration      |       |       |       |       |     1 ||     1
Invok: Receive Necronomi |       |       |       |       |     1 ||     1
Evoke: Wand              |       |     5 |       |       |     3 ||     8
  Use: Potion            |     3 |     1 |     3 |     2 |     7 ||    16
       Scroll            |       |       |    16 |    12 |     5 ||    33
 Stab: Distracted        |       |       |     2 |     6 |     1 ||     9
  Eat: Chunk             |     1 |     5 |    13 |    25 |     6 ||    50
       Bread ration      |       |       |     1 |       |       ||     1
Armor: Scale mail        |    71 |   104 |   150 |       |       ||   325
       Skin              |     4 |       |       |       |       ||     4
       Plate armour      |       |       |    58 |   398 |   160 ||   616
       Ring mail         |       |       |       |       |     1 ||     1
Dodge: Dodged            |    53 |    96 |   193 |   162 |    69 ||   573
Block: Shield            |    85 |       |       |       |       ||    85
       Buckler           |       |       |       |    73 |    58 ||   131
